 Dungeon Crawl Stone Soup version 0.26-a0-665-gefeb406119 (webtiles) character file.

Game seed: 1839215901001353875

116128 Hypoxia the Severer (level 15, -8/138 HPs)
             Began as a Deep Dwarf Fighter on Oct 14, 2020.
             Was the Champion of Makhleb.
             Mangled by a nagaraja
             ... wielding a +0 flail
              (19 damage)
             ... on level 3 of the Snake Pit.
             The game lasted 02:29:58 (5180 turns).

Hypoxia the Severer (Deep Dwarf Fighter)            Turns: 5180, Time: 02:29:59

Health: -8/138     AC: 13    Str: 28    XL:     15   Next: 88%
Magic:  7/12       EV:  8    Int: 20    God:    Makhleb [******]
Gold:   252        SH: 19    Dex: 16    Spells: 11/14 levels left

rFire    + + +     SeeInvis .   a - +3 broad axe (venom) {BLINK}
rCold    + . .     Faith    +   f - +0 tower shield
rNeg     + . .     Spirit   .   N - +0 swamp dragon scales
rPois    +         Reflect  .   (helmet restricted)
rElec    .         Harm     .   b - +1 cloak
rCorr    +         Rampage  .   (no gloves)
MR       +++..                  h - +0 pair of boots of Luofizel {rF+ rCorr Str+4 Int+3}
Stlth    +.........             z - amulet of Hatoffith {Faith rF+ Slay+3}
HPRegen  0.00/turn              g - ring "Forget-Me-Not" {+Inv rF+ MR+}
MPRegen  0.13/turn              y - ring of the City {Wiz Str+2 Int+6}

@: mighty, non-regenerating, hasted, constricted, very quick
A: damage resistance, heal wounds, horns 1, agile 1, blink, cold resistance 1,
negative energy resistance 1, sense surroundings 2, no regeneration
}: 1/15 runes: decaying
a: Heal Wounds, Blink, Minor Destruction, Lesser Servant of Makhleb, Major
Destruction, Greater Servant of Makhleb, Renounce Religion, Evoke Invisibility


You were on level 3 of the Snake Pit.
You worshipped Makhleb.
Makhleb was exalted by your worship.
You visited 5 branches of the dungeon, and saw 28 of its levels.
You also visited: Gauntlet and Ice Cave.

You collected 540 gold pieces.
You spent 288 gold pieces at shops.

Inventory:

Hand Weapons
 a - a +3 broad axe of venom (weapon) {BLINK}
 e - a +1 flail of holy wrath
 p - the cursed +0 long sword "Fant" {distort, *Noise rPois rC++}
   (You took it off a skeletal warrior on level 9 of the Dungeon)

   It warps and distorts space around it.
   Unwielding it can cause banishment or high damage.
   It greatly protects you from cold.
   It protects you from poison.
   It may make noises in combat.
   It has a curse placed upon it.
Missiles
 F - 17 curare-tipped darts
 Z - a throwing net (quivered) {!f}
Armour
 b - a +1 cloak (worn)
 f - a +0 tower shield (worn)
 h - the +0 pair of boots of Luofizel (worn) {rF+ rCorr Str+4 Int+3}
   (You found it on level 14 of the Dungeon)

   It affects your strength (+4).
   It affects your intelligence (+3).
   It protects you from fire.
   It provides partial protection from all sources of acid and corrosion.
 n - a +2 chain mail of cold resistance
 N - +0 swamp dragon scales (worn)
Jewellery
 g - the ring "Forget-Me-Not" (left hand) {+Inv rF+ MR+}
   (You found it on level 7 of the Dungeon)

   [ring of protection from fire]

   It protects you from fire.
   It affects your resistance to hostile enchantments.
   It lets you turn invisible.
 m - an uncursed ring of protection from magic
 t - an uncursed ring of flight
 v - a +4 ring of protection
 y - the ring of the City (right hand) {Wiz Str+2 Int+6}
   (You found it in a Gauntlet)

   [ring of wizardry]

   It improves your spell success rate.
   It affects your strength (+2).
   It affects your intelligence (+6).
 z - the amulet of Hatoffith (around neck) {Faith rF+ Slay+3}
   (You found it in a Gauntlet)

   [amulet of faith]

   It allows you to gain divine favour quickly.
   It affects your accuracy and damage with ranged weapons and melee attacks
   (+3).
   It protects you from fire.
 C - the ring "Dieripn" {rElec MP+9 Dex+4}
   (You found it in a Gauntlet)

   [ring of magical power]

   It affects your dexterity (+4).
   It insulates you from electricity.
   It affects your magic capacity (+9).
 J - an uncursed ring of attention
Wands
 r - a wand of polymorph (6)
 A - a wand of acid (4)
 D - a wand of digging (3)
 E - a wand of disintegration (3)
Scrolls
 i - 2 scrolls of summoning
 j - a scroll of fog
 x - a scroll of silence {!r}
 B - 5 scrolls of blinking {!r@r4}
 M - a scroll of enchant armour
 R - 2 scrolls of identify {@r1}
 T - 5 scrolls of teleportation {@r3}
 W - 5 scrolls of remove curse {@r2}
Potions
 c - 3 potions of mutation
 d - 3 potions of might {@q4}
 k - 2 potions of lignification
 l - 3 potions of flight
 o - 3 potions of ambrosia
 q - 4 potions of invisibility
 u - 4 potions of resistance {@q6}
 w - a potion of cancellation
 H - 2 potions of haste {@q3}
 K - a potion of stabbing
 Q - 6 potions of curing {@q1}
Miscellaneous
 G - a phantom mirror
 U - a phial of floods
 X - a box of beasts (3/3)


   Skills:
 - Level 10.0 Fighting
 - Level 18.0 Axes
 - Level 9.8 Armour
 - Level 5.0 Dodging
 - Level 10.5 Shields
 - Level 8.0 Translocations
 * Level 4.3 Transmutations
 + Level 4.3 Earth Magic
 - Level 14.0 Invocations
 - Level 10.0 Evocations


You had 11 spell levels left.
You knew the following spells:

 Your Spells              Type           Power        Failure   Level
c - Passwall              Tmut/Erth      ###.....     17%         2
g - Apportation           Tloc           ####..       2%          1

Your spell library contained the following spells:

 Spells                   Type           Power        Failure   Level
 Blink                    Tloc           N/A          4%          2
 Gell's Gravitas          Tloc           ####......   8%          3
 Lesser Beckoning         Tloc           ####......   8%          3
 Teleport Other           Tloc           ####....     8%          3
 Passage of Golubria      Tloc           N/A          26%         4
 Animate Skeleton         Necr           #.....       52%         1
 Corona                   Hex            #......      52%         1
 Shock                    Conj/Air       #...         52%         1
 Summon Small Mammal      Summ           #...         52%         1
 Swiftness                Air            #.......     67%         2
 Static Discharge         Conj/Air       #.......     87%         3
 Lee's Rapid Deconstruct  Erth           ###.......   95%         5
 Airstrike                Air            #.........   99%         4
 Lightning Bolt           Conj/Air       #.........   100%        5
 Invisibility             Hex            #.......     100%        6


Dungeon Overview and Level Annotations

Branches:
Dungeon (15/15)            Temple (1/1) D:4            Lair (4/6) D:9
  Swamp (4/4) Lair:2        Snake (4/4) Lair:2       Vaults (0/5) D:14
 Depths (0/5) D:15          IceCv (visited)         Gauntlet (visited)
    Orc: D:9-12

Altars:
Cheibriados
Dithmenos
Fedhas
Gozag
Makhleb
Nemelex Xobeh
Okawaru
Qazlal
Ru
Sif Muna
Trog
Wu Jian
Xom
Yredelemnul
Zin
The Shining One

Shops:
D:4 *   D:15 *

Portals:
Abyss: D:9

Annotations:
Snake:3 Aizul


Innate Abilities, Weirdness & Mutations

You are resistant to damage.
You can heal yourself by infusing magical energy.
You resist negative energy. (rN+)
You passively map the area around you.
You do not regenerate.
You have a pair of small horns on your head.
You are agile. (Dex +2)
You can translocate small distances at will.
Your flesh is cold resistant. (rC+)


Message History

The guardian serpent closely misses you.
The nagaraja casts a spell at you. The poison arrow hits you!!
You are more poisoned.
You partially resist. The nagaraja constricts you.
You feel better. The nagaraja spits poison at you.
You block the splash of poison. Aizul hits you!
The nagaraja hits you with a +0 halberd.
The nagaraja spits poison at you. You block the splash of poison.
The guardian serpent hits you! The anaconda bites you!
* * * LOW HITPOINT WARNING * * *
The nagaraja hits you but does no damage.
The nagaraja constricts you.
Okay, then.
Okay, then.
The nagaraja's grasp on you weakens, but your attempt to escape fails.
The nagaraja hits you with a +0 flail!!
You die...

* , ,, , , * , ,
, , ,..... ,, ,
, , , ###...###
, ,
##.......##,,. ,
,, , #.........#
.. , , , ,
.#...!.....#...
, ,
.......S.......
* ,, ,
,......NNN......
,
.....SN@S......
, ,,
.#....SS...#...,
, ,,,#.....S...#
, +,
##.......##, , ,
, *,, ###...###,
, * , , ..... ,
, *, , , ...?..
, * , ..".... ,
, , , , , ,


You could see Aizul, 4 nagarajas, an anaconda, 3 guardian serpents and a black
mamba.

Vanquished Creatures
  The ghost of Turbonekonecno the Blocker, an adept OpVM of Sif Muna
  2 thorn hunters Agnes
  A nagaraja Donald Louise
  A white draconian
  A minotaur Josephine
  A naga warrior
  6 vault guards
  A boulder beetle
  The ghost of dracos369 the Fighter, a novice OgHu of Dithmenos
  A ghost crab Fannar
  3 hydras
  A shambling mangrove
  A catoblepas
  4 centaur warriors
  10 alligators Erica
  A tengu warrior
  5 shock serpents
  2 naga sharpshooters
  A thrashing horror
  A sun demon Nergalle
  A salamander mystic
  The ghost of anet the Covert, a novice SpVM of Ashenzari
  6 skeletal warriors
  3 unseen horrors
  A spriggan druid
  2 naga ritualists
  A flayed ghost
  4 swamp dragons
  A large abomination
  4 mana vipers
  A necromancer
  3 cyclopes
  11 ugly things
  A toenail golem
  12 black mambas
  A centaur zombie
  A rust devil
  2 spriggan zombies
  A frost giant skeleton
  An ice statue
  4 elephants Joseph
  9 cane toads
  4 naga magi
  2 gargoyles
  A minotaur zombie
  3 kobold demonologists
  An efreet
  4 komodo dragons
  18 polar bears
  3 trolls
  3 meliai
  2 tyrant leeches
  3 blink frogs Grinder
  2 raiju
  5 hornets
  4 bog bodies
  10 slime creatures
  5 spriggans
  A shadow
  A vampire
  6 wraiths
  A wyvern
  25 yaks Eustachio
  4 humans
  2 basilisks
  8 vampire mosquitoes
  2 steam dragons Edmund
  3 insubstantial wisps
  A swamp worm (shapeshifter)
  7 swamp worms
  3 nagas
  6 water moccasins
  4 orc warriors
  4 swamp drakes
  4 sky beasts
  4 black bears
  2 hornet zombies
  An eye of draining
  5 ice beasts
  6 wolves
  5 ogres
  10 centaurs
  A big kobold Blork the orc
  A yaktaur zombie
  7 bullfrogs
  A wyvern zombie
  6 small abominations
  A scorpion
  A killer bee
  17 wights
  A howler monkey
  A quasit
  A bullfrog zombie
  A jelly
  5 orc priests
  4 hounds
  3 centaur skeletons
  5 iguanas
  4 orc wizards
  7 worker ants
  A lightning spire
  A hound zombie
  3 gnolls
  4 adders
  14 white imps
  An adder skeleton
  A worm
  2 dart slugs
  A leopard gecko
  30 orcs
  2 giant cockroaches
  2 goblins
  2 hobgoblins
  3 jackals
  A quokka
  2 bats
  A frilled lizard
  9 kobolds
  3 rats
  A spectral orc
464 creatures vanquished.

Vanquished Creatures (collateral kills)
  the Lernaean hydra
  A minotaur
  2 hydras
  A shambling mangrove
  An alligator
  A skeletal warrior
  A cane toad
  2 hornets
  A bog body
  A human
  A swamp worm
  An orc
14 creatures vanquished.

Vanquished Creatures (others)
  A hydra
  A spriggan druid
  A troll
  A human
  A yak
  An insubstantial wisp
  A swamp drake
  A centaur
  An orc wizard
  An ufetubus
  2 orcs
  2 fungi
  10 plants
  2 withered plants
26 creatures vanquished.

Grand Total: 504 creatures vanquished

Notes
Turn   | Place    | Note
-------+----------+-------------------------------------------
     0 | D:1      | Hypoxia the Deep Dwarf Fighter began the quest for the Orb.
     0 | D:1      | Reached XP level 1. HP: 20/20 MP: 1/1
    47 | D:2      | Reached skill level 3 in Axes
    47 | D:2      | Reached XP level 2. HP: 25/27 MP: 2/2
    64 | D:3      | Found a basalt altar of Yredelemnul.
    98 | D:3      | Reached skill level 4 in Axes
    98 | D:3      | Reached XP level 3. HP: 33/33 MP: 3/3
   101 | D:4      | Found a staircase to the Ecumenical Temple.
   101 | D:4      | Noticed Edmund
   115 | D:4      | Killed Edmund
   115 | D:4      | Reached skill level 6 in Axes
   115 | D:4      | Reached XP level 4. HP: 26/40 MP: 4/4
   115 | D:4      | Reached XP level 5. HP: 30/46 MP: 5/5
   122 | Temple   | Entered the Ecumenical Temple
   138 | Temple   | Became a worshipper of Makhleb the Destroyer
   168 | D:4      | Noticed a centaur
   173 | D:4      | Found a blossoming altar of Fedhas.
   186 | D:4      | Killed a centaur
   186 | D:4      | Reached skill level 7 in Axes
   186 | D:4      | Reached XP level 6. HP: 38/55 MP: 5/5
   210 | D:4      | Found a sparkling altar of Nemelex Xobeh.
   249 | D:4      | Found Piahiho's Assorted Antiques.
   262 | D:4      | Bought a glowing dark potion for 24 gold pieces
   262 | D:4      | Bought a scroll labeled AHYNLA GODEKH for 27 gold pieces
   289 | D:4      | Noticed Blork the orc
   303 | D:4      | Killed Blork the orc
   303 | D:4      | Reached skill level 1 in Dodging
   310 | D:4      | Noticed Grinder
   339 | D:4      | Killed Grinder
   339 | D:4      | Reached skill level 8 in Axes
   339 | D:4      | Reached skill level 2 in Dodging
   339 | D:4      | Reached XP level 7. HP: 36/61 MP: 6/6
   501 | D:3      | Reached skill level 3 in Fighting
   542 | D:4      | Reached * piety under Makhleb
   560 | D:5      | Entered Level 5 of the Dungeon
   581 | D:5      | Reached skill level 3 in Dodging
   594 | D:5      | Noticed Eustachio
   605 | D:5      | Reached skill level 9 in Axes
   650 | D:5      | Killed Eustachio
   664 | D:7      | Found a stormy altar of Qazlal.
   685 | D:7      | Reached skill level 4 in Armour
   685 | D:7      | Reached XP level 8. HP: 35/69 MP: 7/7
   733 | D:7      | Reached skill level 10 in Axes
   747 | D:7      | HP: 12/69 [ogre/+0 giant club (18)]
   792 | D:7      | Noticed a centaur warrior
   821 | D:7      | HP: 6/69 [orc warrior/+0 hand axe (17)]
   826 | D:7      | Reached skill level 5 in Armour
   839 | D:7      | Killed a centaur warrior
   839 | D:7      | Reached skill level 11 in Axes
   839 | D:7      | Gained mutation: You passively map the area around you.
                  | [Deep Dwarf growth]
   839 | D:7      | Reached XP level 9. HP: 38/75 MP: 5/5
   898 | D:7      | Got a shimmering wooden ring
   898 | D:7      | Identified the ring "Forget-Me-Not" {+Inv rF+ MR+} (You
                  | found it on level 7 of the Dungeon)
   997 | D:7      | Found a bloodstained altar of Trog.
  1009 | D:7      | Reached skill level 12 in Axes
  1111 | D:8      | Found a sacrificial altar of Ru.
  1124 | D:8      | Noticed Erica
  1140 | D:8      | Killed Erica
  1140 | D:8      | Reached skill level 4 in Fighting
  1140 | D:8      | Reached skill level 13 in Axes
  1151 | D:8      | Reached skill level 1 in Evocations
  1231 | D:10     | Entered Level 10 of the Dungeon
  1305 | D:10     | Reached ** piety under Makhleb
  1326 | D:11     | Found a snail-covered altar of Cheibriados.
  1329 | D:11     | Reached skill level 4 in Shields
  1329 | D:11     | Reached skill level 2 in Evocations
  1346 | D:11     | Reached skill level 5 in Shields
  1346 | D:11     | Reached skill level 3 in Evocations
  1359 | D:11     | Reached XP level 10. HP: 32/85 MP: 6/6
  1368 | D:11     | Reached skill level 4 in Evocations
  1393 | D:11     | Reached skill level 6 in Shields
  1462 | D:10     | Reached skill level 5 in Evocations
  1470 | D:10     | Noticed Joseph
  1481 | D:10     | Killed Joseph
  1481 | D:10     | Reached skill level 7 in Shields
  1511 | D:10     | Noticed a cane toad
  1513 | D:10     | a cane toad changed into a soldier ant
  1546 | D:10     | Noticed an orb spider
  1546 | D:10     | a queen bee changed into an orb spider
  1551 | D:10     | Reached *** piety under Makhleb
  1551 | D:10     | an orb spider changed into a jumping spider
  1556 | D:10     | Noticed a cane toad
  1556 | D:10     | a jumping spider changed into a cane toad
  1557 | D:10     | Noticed a salamander
  1557 | D:10     | a cane toad changed into a salamander
  1558 | D:10     | a salamander changed into a komodo dragon
  1559 | D:10     | Noticed a swamp dragon
  1559 | D:10     | a komodo dragon changed into a swamp dragon
  1562 | D:10     | Noticed a cyclops
  1562 | D:10     | a swamp dragon changed into a cyclops
  1563 | D:10     | a cyclops changed into a snapping turtle
  1568 | D:10     | Noticed a cyclops
  1568 | D:10     | a snapping turtle changed into a cyclops
  1569 | D:10     | a cyclops changed into a merfolk
  1579 | D:10     | Noticed an elephant
  1579 | D:10     | a merfolk changed into an elephant
  1580 | D:10     | Noticed a torpor snail
  1580 | D:10     | an elephant changed into a torpor snail
  1581 | D:10     | Noticed a swamp dragon
  1581 | D:10     | a torpor snail changed into a swamp dragon
  1586 | D:10     | Noticed a faun
  1586 | D:10     | a swamp dragon changed into a faun
  1589 | D:10     | Noticed a glowing orange brain
  1589 | D:10     | a faun changed into a glowing orange brain
  1593 | D:10     | a glowing orange brain changed into a swamp worm
  1631 | D:10     | Reached skill level 1 in Invocations
  1657 | D:11     | Reached skill level 2 in Invocations
  1658 | D:11     | Reached skill level 5 in Fighting
  1658 | D:11     | Reached skill level 14 in Axes
  1658 | D:11     | Reached skill level 3 in Invocations
  1698 | D:12     | Reached XP level 11. HP: 50/94 MP: 7/7
  1724 | D:12     | Killed an unseen horror
  1724 | D:12     | Reached skill level 8 in Shields
  1789 | D:13     | Noticed a centaur warrior
  1800 | D:13     | Killed a centaur warrior
  1800 | D:13     | Reached skill level 6 in Evocations
  1873 | D:13     | Noticed a skeletal warrior
  1875 | D:13     | Noticed a skeletal warrior
  1875 | D:13     | Noticed a skeletal warrior
  1875 | D:13     | Noticed a skeletal warrior
  1902 | D:13     | Killed a skeletal warrior
  1907 | D:13     | Killed a skeletal warrior
  1908 | D:13     | Killed a skeletal warrior
  1926 | D:13     | HP: 19/97 [skeletal warrior/cursed +0 war axe[a skeletal
                  | warrior] (10)]
  1930 | D:13     | Killed a skeletal warrior
  1942 | D:13     | Noticed a tengu warrior
  1964 | D:13     | Reached **** piety under Makhleb
  1984 | D:13     | Killed a tengu warrior
  1984 | D:13     | Reached skill level 6 in Fighting
  1984 | D:13     | Reached skill level 7 in Evocations
  2000 | D:13     | Killed an unseen horror
  2000 | D:13     | Reached skill level 15 in Axes
  2062 | D:13     | Noticed Josephine
  2078 | D:13     | Reached skill level 4 in Invocations
  2081 | D:13     | HP: 19/97 [Josephine/ghostly fireball (20)]
  2089 | D:13     | Killed Josephine
  2114 | D:13     | Reached skill level 5 in Invocations
  2122 | D:13     | Found a frozen archway.
  2134 | IceCv    | Entered an ice cave
  2142 | IceCv    | Reached XP level 12. HP: 62/105 MP: 7/7
  2208 | IceCv    | Reached skill level 6 in Invocations
  2215 | IceCv    | Reached ***** piety under Makhleb
  2215 | IceCv    | Reached skill level 16 in Axes
  2273 | IceCv    | Reached skill level 4 in Dodging
  2273 | IceCv    | Reached skill level 7 in Invocations
  2329 | IceCv    | Reached skill level 5 in Dodging
  2353 | IceCv    | Noticed a white draconian
  2363 | IceCv    | Reached skill level 8 in Invocations
  2372 | IceCv    | Killed a white draconian
  2382 | IceCv    | HP: 17/106 [yak (9)]
  2476 | IceCv    | Reached skill level 9 in Invocations
  2572 | D:14     | Reached skill level 7 in Fighting
  2580 | D:14     | Gained mutation: You can translocate small distances at
                  | will. [potion of mutation]
  2580 | D:14     | Gained mutation: You have a pair of small horns on your
                  | head. [potion of mutation]
  2580 | D:14     | Gained mutation: Your flesh is cold resistant. (rC+)
                  | [potion of mutation]
  2580 | D:14     | Gained mutation: You are agile. (Dex +2) [potion of
                  | mutation]
  2597 | D:14     | Got a pair of pitted boots
  2602 | D:14     | Identified the +0 pair of boots of Luofizel {rF+ rCorr
                  | Str+4 Int+3} (You found it on level 14 of the Dungeon)
  2623 | D:14     | Reached skill level 6 in Armour
  2646 | D:14     | Noticed Agnes
  2661 | D:14     | Killed Agnes
  2691 | D:14     | Noticed a vault guard
  2691 | D:14     | Noticed a vault guard
  2691 | D:14     | Noticed a vault guard
  2693 | D:14     | Noticed a vault guard
  2693 | D:14     | Noticed a vault guard
  2694 | D:14     | Noticed a vault guard
  2704 | D:14     | Killed a vault guard
  2705 | D:14     | Killed a vault guard
  2709 | D:14     | Killed a vault guard
  2709 | D:14     | Reached skill level 10 in Invocations
  2715 | D:14     | Killed a vault guard
  2715 | D:14     | Reached skill level 8 in Fighting
  2715 | D:14     | Reached XP level 13. HP: 117/117 MP: 9/9
  2721 | D:14     | Reached skill level 7 in Armour
  2731 | D:14     | Found a gate to the Vaults.
  2771 | D:15     | Entered Level 15 of the Dungeon
  2772 | D:15     | Noticed Louise
  2796 | D:15     | Killed Louise
  2855 | D:15     | Found the +3 warlock's mirror {reflect}
  2855 | D:15     | Found a staircase to the Depths.
  2862 | D:15     | HP: 22/117 [flayed ghost (10)]
  2863 | D:15     | Reached skill level 8 in Armour
  2934 | D:15     | HP: 16/117 [cyclops (15)]
  2940 | D:15     | Found Xifacuin's General Store.
  2947 | D:15     | Bought a scroll of blinking for 142 gold pieces
  2947 | D:15     | Bought a potion of curing for 57 gold pieces
  2947 | D:15     | Bought a scroll of identify for 38 gold pieces
  3007 | D:14     | Reached skill level 17 in Axes
  3166 | D:9      | Found a transporter.
  3223 | D:9      | Identified the cursed +0 long sword "Fant" {distort, *Noise
                  | rPois rC++}
  3295 | D:9      | Found a transporter.
  3314 | D:9      | Noticed dracos369's ghost (novice OgHu)
  3337 | D:9      | Killed dracos369's ghost
  3341 | D:9      | Found a one-way gate to the infinite horrors of the Abyss.
  3398 | D:9      | Found a staircase to the Lair.
  3409 | Lair:1   | Entered Level 1 of the Lair of Beasts
  3430 | Lair:1   | Found a runed translucent gate.
  3430 | Lair:1   | Found a runed translucent gate.
  3431 | Lair:1   | Found a runed translucent gate.
  3431 | Lair:1   | Noticed a minotaur
  3441 | Lair:1   | Found a gate leading to a gauntlet.
  3464 | Gauntlet | Entered a Gauntlet
  3464 | Gauntlet | Found a transporter.
  3464 | Gauntlet | Found a transporter.
  3491 | Gauntlet | Found a transporter.
  3505 | Gauntlet | Found a transporter.
  3510 | Gauntlet | Found a transporter.
  3523 | Gauntlet | Found a transporter.
  3535 | Gauntlet | Found a transporter.
  3535 | Gauntlet | Found a transporter.
  3543 | Gauntlet | Found a transporter.
  3545 | Gauntlet | Found a transporter.
  3562 | Gauntlet | Got a fine marble ring
  3562 | Gauntlet | Identified the ring of the City {Wiz Str+2 Int+6} (You
                  | found it in a Gauntlet)
  3579 | Gauntlet | Noticed a minotaur
  3588 | Gauntlet | Killed a minotaur
  3588 | Gauntlet | Reached skill level 18 in Axes
  3592 | Gauntlet | Got a brightly glowing silver amulet
  3592 | Gauntlet | Got a flickering golden ring
  3612 | Lair:1   | Noticed anet's ghost (novice SpVM)
  3633 | Lair:1   | Identified the amulet of Hatoffith {Faith rF+ Slay+3} (You
                  | found it in a Gauntlet)
  3634 | Lair:1   | Identified the ring "Dieripn" {rElec MP+9 Dex+4} (You found
                  | it in a Gauntlet)
  3650 | Lair:1   | Killed a minotaur
  3650 | Lair:1   | Reached ****** piety under Makhleb
  3650 | Lair:1   | Reached skill level 11 in Invocations
  3654 | Lair:1   | Killed anet's ghost
  3654 | Lair:1   | Reached skill level 9 in Shields
  3654 | Lair:1   | Gained mutation: You resist negative energy. (rN+) [Deep
                  | Dwarf growth]
  3654 | Lair:1   | Reached XP level 14. HP: 126/126 MP: 8/10
  3946 | Lair:2   | Found a staircase to the Snake Pit.
  4032 | Lair:2   | Noticed Fannar
  4040 | Lair:2   | Noticed Nergalle
  4048 | Lair:2   | Killed Fannar
  4049 | Lair:2   | Reached skill level 8 in Evocations
  4055 | Lair:2   | Killed Nergalle
  4062 | Lair:2   | Reached skill level 12 in Invocations
  4075 | Lair:2   | Found a staircase to the Swamp.
  4079 | Lair:2   | Reached skill level 10 in Shields
  4085 | Swamp:1  | Entered Level 1 of the Swamp
  4117 | Swamp:2  | Identified the +4 kite shield "Abbydd" {Rampage MR+++ rCorr
                  | Str-5 Slay-6}
  4117 | Swamp:2  | Noticed Donald
  4130 | Swamp:2  | Killed Donald
  4192 | Swamp:3  | Reached skill level 13 in Invocations
  4248 | Swamp:3  | Reached skill level 14 in Invocations
  4267 | Swamp:3  | Learned a level 1 spell: Apportation
  4274 | Swamp:3  | Found a runed translucent door.
  4274 | Swamp:3  | Identified the +6 trident "Hydrabane" {drain, Int+2 Dex+4
                  | Stlth-}
  4275 | Swamp:3  | Noticed Turbonekonecno's ghost (adept OpVM)
  4275 | Swamp:3  | Identified the +3 long sword "Pamm" {flame, rN+ Int+4}
  4292 | Swamp:3  | Reached skill level 1 in Translocations
  4292 | Swamp:3  | Reached skill level 9 in Fighting
  4294 | Swamp:3  | Reached skill level 2 in Translocations
  4306 | Swamp:3  | Killed Turbonekonecno's ghost
  4306 | Swamp:3  | Reached skill level 4 in Translocations
  4359 | Swamp:3  | Noticed a thorn hunter
  4373 | Swamp:3  | Killed a thorn hunter
  4373 | Swamp:3  | Reached skill level 5 in Translocations
  4385 | Swamp:3  | Reached XP level 15. HP: 80/135 MP: 13/13
  4399 | Swamp:4  | Entered Level 4 of the Swamp
  4429 | Swamp:4  | Reached skill level 6 in Translocations
  4478 | Swamp:4  | Reached skill level 7 in Translocations
  4507 | Swamp:4  | Reached skill level 8 in Translocations
  4577 | Swamp:4  | Noticed a thorn hunter
  4594 | Swamp:4  | Killed a thorn hunter
  4624 | Swamp:4  | Reached skill level 9 in Evocations
  4664 | Swamp:4  | Noticed the 27-headed Lernaean hydra
  4665 | Swamp:4  | Killed the 27-headed Lernaean hydra
  4665 | Swamp:4  | Reached skill level 10 in Fighting
  4704 | Swamp:4  | Got a decaying rune of Zot
  4781 | Swamp:1  | Reached skill level 10 in Evocations
  4841 | Snake:1  | Entered Level 1 of the Snake Pit
  4885 | Snake:1  | Reached skill level 9 in Armour
  4913 | Snake:1  | Noticed a nagaraja
  4924 | Snake:1  | Killed a nagaraja
  4947 | Snake:1  | Learned a level 2 spell: Passwall
  4994 | Snake:1  | Reached skill level 1 in Transmutations
  4994 | Snake:1  | Reached skill level 1 in Earth Magic
  5002 | Snake:1  | Reached skill level 2 in Transmutations
  5002 | Snake:1  | Reached skill level 2 in Earth Magic
  5098 | Snake:1  | Reached skill level 3 in Transmutations
  5098 | Snake:1  | Reached skill level 3 in Earth Magic
  5107 | Snake:1  | You fall into a shaft and drop 1 floor!
  5146 | Snake:3  | Reached skill level 4 in Transmutations
  5146 | Snake:3  | Reached skill level 4 in Earth Magic
  5168 | Snake:4  | Entered Level 4 of the Snake Pit
  5171 | Snake:3  | Noticed a nagaraja
  5171 | Snake:3  | Noticed a nagaraja
  5171 | Snake:3  | Noticed a nagaraja
  5171 | Snake:3  | Noticed Aizul
  5171 | Snake:3  | Noticed a nagaraja
  5179 | Snake:3  | HP: 18/138 [anaconda (12)]
  5180 | Snake:3  | Mangled by a nagaraja

Illustrated notes

Levels and vault maps discovered:
D:1:      lemuel_arrival_hallway, layout_basic, lemuel_old_faithful
D:2:      layout_rooms
D:3:      minmay_diamond_boxcup, layout_loops_ring,
          yredelemnul_forgotten_temple_becter, minmay_ruptured
D:4:      layout_layer_cave, nemelex_xobeh_ov_fountains_minmay,
          fedhas_bush_and_centaur_altar, minmay_temple_entry_ruins,
          serial_shops, shop, uniq_blork_the_orc, uniq_grinder, uniq_natasha,
          uniq_edmund
D:5:      layout_basic, uniq_sigmund, uniq_eustachio
D:6:      layout_loops_ring, uniq_prince_ribbit1
D:7:      layout_cave_pools, grunt_qazlal_clouds, minitemple,
          minmay_the_grid_2x2 [minmay_the_grid_box_x, minmay_the_grid_doors,
          minmay_the_grid_spikes, minmay_the_grid_prize_trominoes]
D:8:      layout_basic, nicolae_ru_great_annihilating_truth, serial_shops,
          nicolae_shop_stone, lemuel_mausoleum_altar_yredelemnul, uniq_psyche,
          uniq_erica
D:9:      layout_roguey, grunt_lair_entry_orc_guard_hut,
          gammafunk_ghost_abyssal_escape, uniq_erolcha
D:10:     layout_basic, orc_0_dummy, nicolae_trove_entry_columns,
          minmay_crystal_room, evilmike_minifort, uniq_joseph
D:11:     layout_loops_ring, grunt_ministairs_6, lemuel_tele_altar
D:12:     layout_loops_ring, hangedman_incinerator
D:13:     layout_loops_ring, portal_ice_cave_entry_imps, grunt_decor_fettered,
          uniq_josephine
D:14:     minmay_four_partial_circles, layout_cave_pools,
          ximxim_vaults_locker_room, minmay_misc_feat_four_crosses, uniq_agnes
D:15:     gammafunk_depths_entry_grave, layout_grid_maze, serial_shops,
          shop_statue, minmay_misc_feat_doors, minmay_door_square, uniq_louise
Temple:   nicolae_temple_great_sept
Lair:1:   layout_gridlike, maelrawn_ghost_gauntlet_escape,
          gauntlet_entry_generic, minivault_25, st_stairs_12,
          hangedman_lair_generics_rect
Lair:2:   layout_regular_city, skrybe_swamp_entry_bodies, dummy_snake_entry,
          serial_bayou_shore_b, uniq_nergalle, uniq_fannar
Lair:3:   layout_regular_city, minmay_lair_oklob_chamber, grunt_megastairs_1,
          infiniplex_staircase_pool, uniq_rupert
Lair:4:   layout_cave_pods
Swamp:1:  layout_basic_swamp, hangedman_swamp_lotus, uniq_aizul
Swamp:2:  layout_basic_swamp, evilmike_swamp_ruin_house_3, uniq_donald
Swamp:3:  cheibrodos_swamp_heart_of_darkness, layout_falls_marsh,
          ebering_ghost_funeral_grove, serial_swamp_ruin,
          evilmike_swamp_ruin_house_1, evilmike_swamp_ruin_wall,
          evilmike_swamp_ruin_house_4
Swamp:4:  swamp_old_school, layout_basic_swamp, swamp_pool1
Snake:1:  layout_honeycomb
Snake:2:  layout_gridlike, serial_shops, shop, nrook_loot_triangle,
          grunt_ministairs_13, minmay_shop_grove
Snake:3:  nicolae_aizul_guard, layout_cave_town, st_stairs_1,
          serial_bayou_shore_a, minmay_shoptagon, uniq_nikola
Snake:4:  minmay_snake_end_coiled, layout_misc_corridors, library_closet

Skill      XL: |  1  2  3  4  5  6  7  8  9 10 11 12 13 14 15 |
---------------+----------------------------------------------+-----
Axes           | 3 4 6 7 8 9 11 13 14 15 16 18 | 18.0
Dodging        | 2 3 5 |  5.0
Fighting       | 3 4 5 6 8 9 10 | 10.0
Armour         | 4 5 6 8 9 |  9.8
Evocations     | 3 5 7 8 10 | 10.0
Shields        | 5 7 8 9 10 | 10.5
Invocations    | 3 5 10 11 14 | 14.0
Translocations | 5 8 |  8.0
Transmutations | 4 |  4.3
Earth Magic    | 4 |  4.3

Action                   |  1- 3 |  4- 6 |  7- 9 | 10-12 | 13-15 || total
-------------------------+-------+-------+-------+-------+-------++-------
Melee: War axe           |    27 |    62 |   260 |   585 |     8 ||   942
       Flail             |       |       |       |    63 |     6 ||    69
       Headbutt          |       |       |       |    17 |   217 ||   234
       Broad axe         |       |       |       |       |   621 ||   621
 Cast: Apportation       |       |       |       |       |    11 ||    11
       Passwall          |       |       |       |       |     2 ||     2
Invok: Lesser Servant of |       |       |       |     3 |     1 ||     4
       Major Destruction |       |       |       |       |     1 ||     1
 Abil: Heal Wounds       |     2 |     5 |    13 |    27 |     9 ||    56
       Evoke Invisibilit |       |       |     3 |    11 |    14 ||    28
       Evoke Flight      |       |       |       |     3 |     9 ||    12
       Blink             |       |       |       |       |    22 ||    22
       Stop Flying       |       |       |       |       |     1 ||     1
Evoke: Wand              |       |       |     1 |    25 |    40 ||    66
       Phial of floods   |       |       |     1 |       |     2 ||     3
       Box of beasts     |       |       |       |     1 |     2 ||     3
       Phantom mirror    |       |       |       |       |     1 ||     1
  Use: Scroll            |       |       |     9 |     7 |    20 ||    36
       Potion            |       |       |       |     2 |     5 ||     7
 Stab: Invisible         |       |       |    10 |    82 |    83 ||   175
       Distracted        |       |       |       |     1 |     1 ||     2
Armor: Scale mail        |    39 |    26 |     9 |       |       ||    74
       Chain mail        |       |       |   215 |   345 |   138 ||   698
       Swamp dragon scal |       |       |       |       |   140 ||   140
Dodge: Dodged            |    27 |    19 |   119 |   180 |   251 ||   596
Block: Kite shield       |    37 |    30 |   166 |       |       ||   233
       Tower shield      |       |       |    63 |   684 |   777 ||  1524

Table legend: (Time is in decaauts)
 A = Elapsed time spent in this place.
 B = Non-inter-level travel time spent in this place.
 C = Inter-level travel time spent in this place.
 D = Time resting spent in this place.
 E = Time spent auto-exploring this place.
 F = Levels seen in this place.
 G = Mean time per level.
                   A        B        C        D        E       F      G
               +--------+--------+--------+--------+--------+-----+--------+
         Total |   5066 |   5040 |     26 |      0 |      0 |  30 |  168.9 |
       Dungeon |   2970 |   2970 |      0 |      0 |      0 |  15 |  198.0 |
        Temple |     28 |     17 |     11 |      0 |      0 |   1 |   28.0 |
          Lair |    571 |    571 |      0 |      0 |      0 |   4 |  142.8 |
         Swamp |    669 |    654 |     15 |      0 |      0 |   4 |  167.2 |
     Snake Pit |    316 |    316 |      0 |      0 |      0 |   4 |   79.0 |
      Ice Cave |    371 |    371 |      0 |      0 |      0 |   1 |  371.0 |
      Gauntlet |    137 |    137 |      0 |      0 |      0 |   1 |  137.0 |
               +--------+--------+--------+--------+--------+-----+--------+

Top non-repeatable levels by time:
     D:7: 386 daAuts
     D:4: 372 daAuts
   IceCv: 371 daAuts
    D:13: 349 daAuts
    D:10: 301 daAuts
 Swamp:4: 300 daAuts
    D:14: 294 daAuts
     D:9: 282 daAuts
 Swamp:3: 261 daAuts
 Snake:1: 257 daAuts
  Lair:2: 234 daAuts
    D:11: 192 daAuts
    D:15: 173 daAuts
    D:12: 162 daAuts
     D:8: 155 daAuts
